 Dungeon Crawl Stone Soup version 0.28-a0-1184-g53156a8862 (webtiles) character file.

Game seed: 2184708374172561000

246 leviel the Chopper (level 6, -10/55 HPs)
             Began as a Hill Orc Fighter on Dec 18, 2021.
             Mangled by an ogre (20 damage)
             ... on level 4 of the Dungeon.
             The game lasted 00:02:26 (2665 turns).

leviel the Chopper (Hill Orc Fighter)               Turns: 2665, Time: 00:02:26

Health: -10/55     AC:  7    Str: 21    XL:     6   Next: 11%
Magic:  6/6        EV:  9    Int:  8    God:
Gold:   110        SH:  4    Dex: 10    Spells: 5/5 levels left

rFire   . . .      SeeInvis .   a - +0 war axe
rCold   + . .      Faith    .   c - +0 buckler
rNeg    . . .      Spirit   .   b - +0 scale mail
rPois   .          Reflect  .   (no helmet)
rElec   .          Harm     .   (no cloak)
rCorr   .          Rampage  .   (no gloves)
Will    .....                   (no boots)
Stlth   ..........              (no amulet)
HPRegen 0.18/turn               j - ring of protection from cold
MPRegen 0.10/turn               (no ring)

@: no status effects
A: no striking features
a: no special abilities


You were on level 4 of the Dungeon.
You visited 1 branch of the dungeon, and saw 4 of its levels.

You collected 110 gold pieces.

Inventory:

Hand Weapons
 a - a +0 war axe (weapon)
Missiles
 h - a throwing net (quivered)
Armour
 b - a +0 scale mail (worn)
 c - a +0 buckler (worn)
Jewellery
 j - a ring of protection from cold (left hand)
Scrolls
 e - a scroll of fear {unknown}
 f - 2 scrolls of enchant weapon {unknown}
 i - a scroll of amnesia {unknown}
 l - a scroll of magic mapping {unknown}
 o - a scroll of silence {unknown}
 p - 4 scrolls of identify {unknown}
Potions
 d - 2 potions of might
 g - a potion of lignification {unknown}
 k - 2 potions of ambrosia {unknown}
 m - 2 potions of mutation {unknown}
 n - a potion of degeneration {unknown}
 q - a potion of curing {unknown}


   Skills:
 + Level 4.8 Fighting
 * Level 5.5 Axes
 + Level 4.3 Armour
 + Level 4.3 Shields


You had 5 spell levels left.
You didn't know any spells.
Your spell library contained the following spells:

 Spells                   Type           Power      Damage    Failure   Level
 Animate Skeleton         Necr           0%         N/A       75%         1
 Pain                     Necr           0%         1d4       75%         1
 Summon Small Mammal      Summ           0%         N/A       75%         1
 Call Canine Familiar     Summ           0%         N/A       98%         3
 Portal Projectile        Hex/Tloc       0%         N/A       98%         3
 Summon Guardian Golem    Hex/Summ       0%         N/A       98%         3
 Vampiric Draining        Necr           0%         2d6       98%         3
 Hailstorm                Conj/Ice       0%         3d3       100%        4
 Ozocubu's Refrigeration  Ice            0%         4d5       100%        7


Dungeon Overview and Level Annotations

Branches:
Dungeon (4/15)
 Temple: D:4-7

Altars:


Message History

You slash the kobold!
You kill the kobold!
No target in view!
No target in view!
No target in view!
No target in view!
No target in view!
No target in view!
No target in view!
No target in view!
No target in view!
No target in view!
No target in view!
An ogre comes into view. It is wielding a +0 giant club.
An ogre is nearby!
An ogre is nearby!
You barely miss the ogre. The ogre closely misses you.
You hit the ogre.
The ogre is lightly wounded.
The ogre hits you with a +0 giant club!
You are too injured to fight recklessly!
You are too injured to fight recklessly!
You are too injured to fight recklessly!
You are too injured to fight recklessly!
You are too injured to fight recklessly!
You are too injured to fight recklessly!
You are too injured to fight recklessly!
You are too injured to fight recklessly!
You are too injured to fight recklessly!
You are too injured to fight recklessly!
You are too injured to fight recklessly!
You are too injured to fight recklessly!
You hit the ogre.
The ogre is moderately wounded.
The ogre hits you with a +0 giant club!!
* * * LOW HITPOINT WARNING * * *
You slash the ogre!
The ogre is almost dead.
The ogre hits you with a +0 giant club!!
You die...

#.....# .....## ..
#.....# ##
#.#...#... #.....##
#. #.#.....
###....###.##
#.....# #....<.#..#
#..).#
##.#......####....#
#.#####.......##.#
#.# #)...#..# # #.#
#.....@###. ##.#
#.....O......# #..#
##......#.#...#
#.## #....#....# ..
##.# #.#....##...
#..# #.#..######.#
#.######........ ..
#.###.......###. .#
###.#.......###


You could see an ogre.

Vanquished Creatures
  2 hounds (D:3)
  Jessica (D:2)
  An iguana (D:3)
  An orc wizard (D:3)
  An adder (D:2)
  3 worms (D:2)
  2 dart slugs
  8 orcs
  5 endoplasms
  A giant cockroach (D:1)
  7 goblins
  6 hobgoblins
  15 jackals
  5 kobolds
  2 quokkas
  7 ball pythons
  7 bats
  4 rats
78 creatures vanquished.

Notes
Turn   | Place    | Note
-------+----------+-------------------------------------------
     0 | D:1      | leviel the Hill Orc Fighter began the quest for the Orb.
     0 | D:1      | Reached XP level 1. HP: 19/19 MP: 1/1
    52 | D:1      | Reached skill level 3 in Axes
    53 | D:1      | Reached XP level 2. HP: 27/27 MP: 2/2
   253 | D:1      | Reached XP level 3. HP: 25/33 MP: 3/3
   524 | D:1      | You fall into a shaft and drop 1 floor!
   871 | D:2      | Reached skill level 4 in Axes
   874 | D:2      | Reached XP level 4. HP: 35/40 MP: 4/4
   977 | D:2      | Found a faded altar of an unknown god.
  1238 | D:2      | Noticed Jessica
  1243 | D:2      | Killed Jessica
  1842 | D:3      | Reached XP level 5. HP: 47/47 MP: 5/5
  2023 | D:3      | Reached skill level 5 in Axes
  2396 | D:3      | Reached XP level 6. HP: 51/55 MP: 6/6
  2599 | D:3      | Got the Tome of the Displaced Frostbite
  2665 | D:4      | Mangled by an ogre

Illustrated notes

Levels and vault maps discovered:
D:1:      onia_arrival_mini_spirals, layout_rooms
D:2:      minmay_door_path, layout_rooms,
          shapermc_ecumenical_altar_mp_ritualfount, uniq_jessica
D:3:      layout_rooms, kennysheep_crisscross, hangedman_feature_mirror
D:4:      layout_rooms, palyth_stone_intersect, uniq_crazy_yiuf_cottage,
          uniq_edmund

Skill      XL: |  1  2  3  4  5 |
---------------+----------------+-----
Axes           | 3 4 5 |  5.5
Fighting       | 4 |  4.8
Armour         | 4 |  4.3
Shields        | 4 |  4.3

Action                   |  1- 3 |  4- 6 || total
-------------------------+-------+-------++-------
Melee: War axe           |    83 |   138 ||   221
Armor: Scale mail        |    29 |    64 ||    93
Dodge: Dodged            |    47 |    60 ||   107
Block: Buckler           |    21 |    30 ||    51

Table legend: (Time is in decaauts)
 A = Elapsed time spent in this place.
 B = Non-inter-level travel time spent in this place.
 C = Inter-level travel time spent in this place.
 D = Time resting spent in this place.
 E = Time spent auto-exploring this place.
 F = Levels seen in this place.
 G = Mean time per level.
                   A        B        C        D        E       F      G
               +--------+--------+--------+--------+--------+-----+--------+
         Total |   2729 |   2700 |     29 |    493 |   1709 |   4 |  682.2 |
       Dungeon |   2729 |   2700 |     29 |    493 |   1709 |   4 |  682.2 |
               +--------+--------+--------+--------+--------+-----+--------+

Top non-repeatable levels by time:
     D:2: 1172 daAuts
     D:3: 958 daAuts
     D:1: 544 daAuts
     D:4: 54 daAuts
